Blackdemons vs Demolitions

Created - 3 mars 2013 at 19:05

Goals
1 2 3 T
Blackdemons 3 2 3 8
Demolitions 3 3 5 11
Shots
1 2 3 T
Blackdemons 11 18 16 45
Demolitions 9 12 14 35

1st period

1. Demolitions , Petr Vrana 8 (Brandon Bochenski, Dennis Seidenberg) at 4:58
2. Blackdemons , Michael Peca 14 (Radoslav Suchy, Todd Fedoruk) at 6:15
3. Blackdemons , Curtis Brown 17 (Radoslav Suchy, Manny Fernandez) at 7:57
4. Demolitions , Nicolas Blanchard 5 (Troy Brouwer, Anthony Stewart) at 10:15 (PP)
5. Demolitions , Troy Brouwer 18 (Anthony Stewart, Antero Niittymaki) at 12:30
6. Blackdemons , Curtis Brown 18 (Stanislav Chistov) at 16:17

Penalties :
Troy Brouwer (Vic) for Tripping (Minor) at 7:25, Frazer Mclaren (MJM) for Kneeing (Major) at 7:25, Ryan Craig (Vic) for Interference (Minor) at 16:35

2nd period

7. Blackdemons , James Neal 16 (Radoslav Suchy, Sam Gagner) at 2:35 (PP)
8. Demolitions , Anton Babchuk 2 (Andy Rogers) at 3:44
9. Demolitions , Brandon Bochenski 18 (Petr Vrana, Anton Babchuk) at 8:37
10. Demolitions , Dennis Seidenberg 6 (Jeremy Williams, Antero Niittymaki) at 9:02 (PP)
11. Blackdemons , Tomas Kopecky 20 (Michael Peca, Raphael Diaz) at 9:56

Penalties :
James Sheppard (Vic) for Tripping (Minor) at 1:36, James Neal (MJM) for Interference (Minor) at 8:50

3rd period

12. Blackdemons , Michael Peca 15 (James Neal) at 0:06
13. Blackdemons , Frazer Mclaren 1 (Maxime Macenauer, Nathan Paetsch) at 2:27
14. Demolitions , Marc-André Bernier 2 (Masi Marjamaki) at 4:27
15. Demolitions , Ryan Craig 14 (Marco Sturm, Janne Niskala) at 5:06
16. Demolitions , Jeremy Williams 22 (Marco Sturm, Dennis Seidenberg) at 6:10
17. Demolitions , Ryan Craig 15 (Jeremy Williams, Marco Sturm) at 9:02
18. Demolitions , Ryan Craig 16 (Marco Sturm, Jeremy Williams) at 16:40 (PP)
19. Blackdemons , Stanislav Chistov 10 (Curtis Brown) at 17:08

Penalties :
Raphael Diaz (MJM) for High sticking (Minor) at 15:51, Dennis Seidenberg (Vic) for High sticking (Minor) at 19:41

Goalie Stats

Manny Fernandez (MJM), 12 saves from 18 shots - (0,667), 29:02 minutes
Timo Pielmeier (MJM), 12 saves from 17 shots - (0,706), L, 0-1-0, 30:58 minutes
Antero Niittymaki (Vic), 37 saves from 45 shots - (0,822), W, 16-11-2, 60:00 minutes

Players Stats for Blackdemons

Player Name              G  A  P  +/- PIM S  H  SB GA TA FO     MP     PP MP  PK MP  
------------------------------------------------------------------------------------
Curtis Brown             2  1  3  -2  0   2  0  1  0  1  0/0    18:31   1:18   1:57 
Enver Lisin              0  0  0  -1  0   2  1  0  1  0  0/0    16:03   1:58   0:00 
Frazer Mclaren           1  0  1  -2  5   2  0  0  0  0  0/0     8:42   0:00   0:00 
Jakub Kindl              0  0  0  -3  0   1  1  1  0  3  0/0    23:19   0:00   2:13 
James Neal               1  1  2   2  2   4  1  0  1  0  1/1    15:56   1:58   0:09 
Karl Alzner              0  0  0   1  0   2  1  3  0  1  0/0    24:23   0:00   2:37 
Maxime Macenauer         0  1  1  -1  0   2  0  0  0  1  3/5     8:37   0:00   0:00 
Michael Peca             2  1  3   2  0   7  2  0  0  0  14/19  16:48   0:00   1:57 
Nathan Paetsch           0  1  1   2  0   6  0  2  2  0  0/0    26:06   2:20   1:48 
Nikita Nikitin           0  0  0  -1  0   1  2  0  1  0  0/0    15:15   0:56   0:00 
Radoslav Suchy           0  3  3  -1  0   3  1  1  0  1  0/0     9:03   0:56   1:12 
Raphael Diaz             0  1  1   0  2   2  3  2  2  0  0/0    21:53   2:20   0:12 
Sam Gagner               0  1  1  -1  0   0  1  0  1  2  14/22  17:07   1:58   0:00 
Stanislav Chistov        1  1  2  -1  0   3  4  0  1  1  1/1    15:53   0:00   1:52 
Steve Konowalchuk        0  0  0   0  0   2  2  0  0  0  3/3    16:52   0:00   1:52 
Todd Fedoruk             0  1  1  -1  0   1  3  0  0  0  0/0     8:37   0:00   0:00 
Tomas Kopecky            1  0  1   2  0   3  1  1  2  0  0/1    15:28   1:18   0:15 
Zack Hamill              0  0  0  -1  0   2  1  0  0  1  5/16   15:24   1:18   0:00 

Players Stats for Demolitions

Player Name              G  A  P  +/- PIM S  H  SB GA TA FO     MP     PP MP  PK MP  
------------------------------------------------------------------------------------
Andy Rogers              0  1  1  -1  0   0  1  1  0  0  0/0    19:02   1:38   1:18 
Anssi Salmela            0  0  0   0  0   0  0  0  0  0  0/0    10:25   0:00   0:18 
Anthony Stewart          0  2  2  -1  0   3  0  0  2  1  1/1    17:27   1:33   0:54 
Anton Babchuk            1  1  2  -1  0   2  1  2  0  1  0/0    19:02   1:38   1:18 
Brandon Bochenski        1  1  2   2  0   2  0  0  1  2  0/0    10:54   0:00   0:00 
Dennis Seidenberg        1  2  3   1  2   2  3  1  1  2  0/0    26:24   2:23   1:40 
James Sheppard           0  0  0   2  2   0  1  0  0  0  0/3    10:53   0:00   0:00 
Janne Niskala            0  1  1   1  0   2  0  1  2  1  0/0    26:43   2:23   1:58 
Jeremy Williams          1  3  4  -1  0   4  2  0  3  0  0/8    23:56   2:28   2:08 
Josh Beaulieu            0  0  0   0  0   0  0  0  0  0  0/0     0:14   0:00   0:14 
Kyle Wharton             0  0  0   1  0   0  0  0  0  0  0/0     4:08   0:00   0:00 
Marc-André Bernier       1  0  1   1  0   2  1  1  1  0  0/0     7:29   0:00   0:00 
Marco Sturm              0  4  4  -1  0   4  0  1  0  0  0/2    23:56   2:28   2:08 
Masi Marjamaki           0  1  1   1  0   1  1  0  1  0  0/0     7:29   0:00   0:00 
Nicolas Blanchard        1  0  1   0  0   1  1  0  0  1  7/12   16:17   1:33   0:14 
Petr Vrana               1  1  2   2  0   1  0  0  0  2  0/0    11:35   0:00   0:41 
Robert Bortuzzo          0  0  0   1  0   0  1  0  0  0  0/0     4:08   0:00   0:00 
Robert Klinkhammer       0  0  0   0  0   0  0  0  0  0  0/0     0:00   0:00   0:00 
Ryan Craig               3  0  3  -2  2   5  1  0  0  1  18/40  21:01   2:28   0:13 
Taylor Chorney           0  0  0   0  0   0  1  0  0  0  0/0    10:07   0:00   0:00 
Troy Brouwer             1  1  2   0  2   6  4  0  0  0  0/0    16:02   1:33   0:00 
Vince Rocco              0  0  0   1  0   0  0  1  0  0  1/2     7:29   0:00   0:00 

3 Stars

1 - Michael Peca (MJM)
2 - Jeremy Williams (Vic)
3 - Dennis Seidenberg (Vic)

Power Play

Blackdemons - 1 on 3 Attempt(s) - 33,33%
Demolitions - 3 on 2 Attempt(s) - 150,00%

Penalty Kill

Blackdemons - -1 on 2 Attempt(s) - -50,00% - Score 0 goal in Penalty Kill
Demolitions - 2 on 3 Attempt(s) - 66,67% - Score 0 goal in Penalty Kill

Official

Referees : Hasenfratz Mike and McCauley Wes
Linesman : Tony Sericolo and David Brisebois

Game Notes

Radoslav Suchy is injured at 6:45 of 2nd period (Sore Right Knee)
9:02 of 2nd period - Demolitions goal is going for a video replay. After video review, Goal.
Timo Pielmeier enters game at 9:02 of 2nd period
Ryan Craig has scored a Hat Trick!

Blackdemons

5 vs 5 Forward 
   Center                   Left Wing                Right Wing               Time % Phy DF OF 
 1 Sam Gagner               Steve Konowalchuk        Enver Lisin              30     0   3  2  
 2 Michael Peca             James Neal               Tomas Kopecky            30     2   1  2  
 3 Zack Hamill              Curtis Brown             Stanislav Chistov        30     1   2  2  
 4 Maxime Macenauer         Frazer Mclaren           Todd Fedoruk             10     1   2  2  

5 vs 5 Defense 
   Defense                  Defense                                           Time % Phy DF OF 
 1 Karl Alzner              Nathan Paetsch                                    36     1   3  1  
 2 Radoslav Suchy           Nikita Nikitin                                    32     1   3  1  
 3 Raphael Diaz             Jakub Kindl                                       32     1   3  1  
 4 Radoslav Suchy           Nathan Paetsch                                    0      1   3  1  

PowerPlay Forward 
   Center                   Left Wing                Right Wing               Time % Phy DF OF 
 1 Sam Gagner               James Neal               Enver Lisin              60     1   1  3  
 2 Zack Hamill              Curtis Brown             Tomas Kopecky            40     2   1  2  

PowerPlay Defense
   Defense                  Defense                                           Time % Phy DF OF 
 1 Raphael Diaz             Nathan Paetsch                                    60     0   2  3  
 2 Radoslav Suchy           Nikita Nikitin                                    40     0   2  3  

Penalty Kill 4 Players Forward 
   Center                   Wing                     Time % Phy DF OF 
 1 Michael Peca             Curtis Brown             50     1   3  1  
 2 Steve Konowalchuk        Stanislav Chistov        50     0   4  1  

Penalty Kill 4 Players Defense
   Defense                  Defense                  Time % Phy DF OF 
 1 Radoslav Suchy           Jakub Kindl              50     1   4  0  
 2 Karl Alzner              Nathan Paetsch           50     1   4  0  

Penalty Kill - 3 Players Forward 
   Forward                                           Time % Phy DF OF 
 1 Michael Peca                                      50     0   5  0  
 2 Steve Konowalchuk                                 50     0   5  0  

Penalty Kill - 3 Players Defense
   Defense                  Defense                  Time % Phy DF OF 
 1 Radoslav Suchy           Jakub Kindl              50     1   4  0  
 2 Karl Alzner              Nathan Paetsch           50     1   4  0  

4 vs 4 Forward 
   Center                   Wing                     Time % Phy DF OF 
 1 Sam Gagner               Curtis Brown             50     1   2  2  
 2 Michael Peca             Steve Konowalchuk        50     0   3  2  

4 vs 4 Defense
   Defense                  Defense                  Time % Phy DF OF 
 1 Radoslav Suchy           Jakub Kindl              50     1   3  1  
 2 Raphael Diaz             Nathan Paetsch           50     1   3  1  

Last Minutes Offensive
   Center                   Left Wing                Right Wing               Defense                  Defense                  
   Michael Peca             James Neal               Enver Lisin              Radoslav Suchy           Nathan Paetsch           

Last Minutes Defensive
   Center                   Left Wing                Right Wing               Defense                  Defense                  
   Michael Peca             Steve Konowalchuk        Stanislav Chistov        Radoslav Suchy           Nathan Paetsch           

Goaltenders
Starting : Manny Fernandez          
Backup : Timo Pielmeier           

Extra Forwards
Normal : James Neal, Enver Lisin, Curtis Brown - PP : Stanislav Chistov, Michael Peca - PK : Tomas Kopecky
Extra Defensemen
Normal : Jakub Kindl, Raphael Diaz, Karl Alzner - PP : Jakub Kindl - PK : Raphael Diaz, Nikita Nikitin
Penalty Shots
Curtis Brown, Enver Lisin, James Neal, Stanislav Chistov, Michael Peca

Demolitions

5 vs 5 Forward 
   Center                   Left Wing                Right Wing               Time % Phy DF OF 
 1 Ryan Craig               Marco Sturm              Jeremy Williams          40     1   2  2  
 2 Nicolas Blanchard        Troy Brouwer             Anthony Stewart          30     1   2  2  
 3 James Sheppard           Petr Vrana               Brandon Bochenski        20     1   2  2  
 4 Vince Rocco              Masi Marjamaki           Marc-André Bernier       10     1   2  2  

5 vs 5 Defense 
   Defense                  Defense                                           Time % Phy DF OF 
 1 Janne Niskala            Dennis Seidenberg                                 40     1   2  2  
 2 Andy Rogers              Anton Babchuk                                     30     1   2  2  
 3 Taylor Chorney           Anssi Salmela                                     20     1   2  2  
 4 Kyle Wharton             Robert Bortuzzo                                   10     1   2  2  

PowerPlay Forward 
   Center                   Left Wing                Right Wing               Time % Phy DF OF 
 1 Ryan Craig               Marco Sturm              Jeremy Williams          60     1   2  2  
 2 Nicolas Blanchard        Troy Brouwer             Anthony Stewart          40     1   2  2  

PowerPlay Defense
   Defense                  Defense                                           Time % Phy DF OF 
 1 Janne Niskala            Dennis Seidenberg                                 60     1   2  2  
 2 Andy Rogers              Anton Babchuk                                     40     1   2  2  

Penalty Kill 4 Players Forward 
   Center                   Wing                     Time % Phy DF OF 
 1 Jeremy Williams          Marco Sturm              60     1   2  2  
 2 Anthony Stewart          Ryan Craig               40     1   2  2  

Penalty Kill 4 Players Defense
   Defense                  Defense                  Time % Phy DF OF 
 1 Janne Niskala            Dennis Seidenberg        60     1   2  2  
 2 Andy Rogers              Anton Babchuk            40     1   2  2  

Penalty Kill - 3 Players Forward 
   Forward                                           Time % Phy DF OF 
 1 Jeremy Williams                                   60     1   2  2  
 2 Marco Sturm                                       40     1   2  2  

Penalty Kill - 3 Players Defense
   Defense                  Defense                  Time % Phy DF OF 
 1 Janne Niskala            Dennis Seidenberg        60     1   2  2  
 2 Andy Rogers              Anton Babchuk            40     1   2  2  

4 vs 4 Forward 
   Center                   Wing                     Time % Phy DF OF 
 1 Jeremy Williams          Marco Sturm              60     1   2  2  
 2 Anthony Stewart          Ryan Craig               40     1   2  2  

4 vs 4 Defense
   Defense                  Defense                  Time % Phy DF OF 
 1 Janne Niskala            Dennis Seidenberg        60     1   2  2  
 2 Andy Rogers              Anton Babchuk            40     1   2  2  

Last Minutes Offensive
   Center                   Left Wing                Right Wing               Defense                  Defense                  
   Ryan Craig               Marco Sturm              Jeremy Williams          Janne Niskala            Dennis Seidenberg        

Last Minutes Defensive
   Center                   Left Wing                Right Wing               Defense                  Defense                  
   Ryan Craig               Marco Sturm              Jeremy Williams          Janne Niskala            Dennis Seidenberg        

Goaltenders
Starting : Antero Niittymaki        
Backup : Sergei Bobrovsky         

Extra Forwards
Normal : Brandon Bochenski, Marc-André Bernier, Petr Vrana - PP : Brandon Bochenski, Marc-André Bernier - PK : Petr Vrana
Extra Defensemen
Normal : Taylor Chorney, Anssi Salmela, Kyle Wharton - PP : Taylor Chorney - PK : Anssi Salmela, Kyle Wharton
Penalty Shots
Jeremy Williams, Marco Sturm, Anthony Stewart, Ryan Craig, Brandon Bochenski

% Time on Ice - Blackdemons

Lines # - Real PCT - Wanted PCT - Time Play
Normal Forward
1 - 28% - 30% - 14:11
2 - 27% - 30% - 13:55
3 - 28% - 30% - 14:01
4 - 17% - 10% - 8:37
Normal Defense
1 - 33% - 36% - 16:47
2 - 30% - 32% - 15:05
3 - 29% - 32% - 14:41
4 - 8% - 0% - 4:11
PP Forward
1 - 60% - 60% - 1:58
2 - 40% - 40% - 1:18
PP Defense
1 - 71% - 60% - 2:20
2 - 29% - 40% - 0:56
PK Forward
1 - 52% - 50% - 2:06
2 - 48% - 50% - 1:55
PK Defense
1 - 55% - 50% - 2:13
2 - 45% - 50% - 1:48
PK3 Forward
1 - 0% - 50%
2 - 0% - 50%
PK3 Defense
1 - 0% - 50%
2 - 0% - 50%
44 Forward
1 - 54% - 50% - 1:04
2 - 46% - 50% - 0:55
44 Defense
1 - 45% - 50% - 0:53
2 - 55% - 50% - 1:06
Last Minute Offensive  - 0:00
Last Minute Defensive  - 0:00
Total
Forward - 60:00
Defense - 60:00

% Time on Ice - Demolitions

Lines # - Real PCT - Wanted PCT - Time Play
Normal Forward
1 - 35% - 40% - 17:51
2 - 29% - 30% - 14:30
3 - 21% - 20% - 10:54
4 - 15% - 10% - 7:29
Normal Defense
1 - 42% - 40% - 21:09
2 - 30% - 30% - 15:20
3 - 20% - 20% - 10:07
4 - 8% - 10% - 4:08
PP Forward
1 - 61% - 60% - 2:28
2 - 39% - 40% - 1:33
PP Defense
1 - 59% - 60% - 2:23
2 - 41% - 40% - 1:38
PK Forward
1 - 72% - 60% - 2:22
2 - 28% - 40% - 0:54
PK Defense
1 - 60% - 60% - 1:58
2 - 40% - 40% - 1:18
PK3 Forward
1 - 0% - 60%
2 - 0% - 40%
PK3 Defense
1 - 0% - 60%
2 - 0% - 40%
44 Forward
1 - 75% - 60% - 1:29
2 - 25% - 40% - 0:30
44 Defense
1 - 61% - 60% - 1:13
2 - 39% - 40% - 0:46
Last Minute Offensive  - 0:00
Last Minute Defensive  - 0:00
Total
Forward - 60:00
Defense - 60:00

Play by Play

1st period


0:01 of 1st period - Sam Gagner wins face-off versus Ryan Craig in neutral zone.
0:26 of 1st period - Karl Alzner is hit by Troy Brouwer and loses puck.
0:51 of 1st period - Anton Babchuk is hit by Nikita Nikitin and loses puck.
0:56 of 1st period - Wrist shot by Curtis Brown.
0:56 of 1st period - Shot Blocked by Anton Babchuk.
1:40 of 1st period - Snap shot by Enver Lisin.
1:40 of 1st period - Shot Misses the Net.
2:40 of 1st period - Slapshot by Janne Niskala.
2:40 of 1st period - Shot Blocked by Jakub Kindl.
2:56 of 1st period - Steve Konowalchuk is hit by Dennis Seidenberg and loses puck.
3:23 of 1st period - Wrist shot by Troy Brouwer.
3:23 of 1st period - Shot Blocked by Karl Alzner.
3:37 of 1st period - Snap shot by Brandon Bochenski.
3:37 of 1st period - Shot Misses the Net.
3:39 of 1st period - Snap shot by James Sheppard.
3:39 of 1st period - Deflect By Brandon Bochenski.
3:39 of 1st period - Shot Blocked by Karl Alzner.
3:39 of 1st period - Puck is out of play.
3:40 of 1st period - Zack Hamill wins face-off versus James Sheppard in Blackdemons zone.
4:05 of 1st period - Stanislav Chistov is hit by Dennis Seidenberg and loses puck.
4:19 of 1st period - Dennis Seidenberg is hit by Stanislav Chistov and loses puck.
4:34 of 1st period - Curtis Brown is hit by James Sheppard and loses puck.
4:58 of 1st period - Snap shot by Petr Vrana.
4:58 of 1st period - Goal by Petr Vrana - Blackdemons : 0 - Demolitions : 1.
4:59 of 1st period - Michael Peca wins face-off versus Ryan Craig in neutral zone.
5:47 of 1st period - Slapshot by Nikita Nikitin.
5:47 of 1st period - Stopped by Antero Niittymaki without a rebound.
5:48 of 1st period - Vince Rocco wins face-off versus Maxime Macenauer in Demolitions zone.
6:15 of 1st period - Snap shot by Michael Peca.
6:15 of 1st period - Goal by Michael Peca - Blackdemons : 1 - Demolitions : 1.
6:16 of 1st period - Michael Peca wins face-off versus Ryan Craig in neutral zone.
6:23 of 1st period - Slapshot by Michael Peca.
6:23 of 1st period - Shot Misses the Net.
6:41 of 1st period - Jakub Kindl is hit by Masi Marjamaki and loses puck.
7:06 of 1st period - Wrist shot by Enver Lisin.
7:06 of 1st period - Shot Misses the Net.
7:25 of 1st period - Minor Penalty to Troy Brouwer for Tripping.
7:25 of 1st period - Major Penalty to Frazer Mclaren for Kneeing.
7:26 of 1st period - Sam Gagner wins face-off versus Jeremy Williams in neutral zone.
7:35 of 1st period - Snap shot by Curtis Brown.
7:35 of 1st period - Shot Misses the Net.
7:57 of 1st period - Snap shot by Curtis Brown.
7:57 of 1st period - Goal by Curtis Brown - Blackdemons : 2 - Demolitions : 1.
7:58 of 1st period - Michael Peca wins face-off versus Jeremy Williams in neutral zone.
8:01 of 1st period - Janne Niskala is hit by Michael Peca and loses puck.
8:08 of 1st period - Slapshot by Marco Sturm.
8:08 of 1st period - Shot Blocked by Nathan Paetsch.
8:14 of 1st period - Wrist shot by Marco Sturm.
8:14 of 1st period - Stopped by Manny Fernandez without a rebound.
8:15 of 1st period - Sam Gagner wins face-off versus Jeremy Williams in Blackdemons zone.
9:25 of 1st period - Penalty to Troy Brouwer is over, Troy Brouwer is back on ice.
9:30 of 1st period - Slapshot by Troy Brouwer.
9:30 of 1st period - Stopped by Manny Fernandez without a rebound.
9:31 of 1st period - Steve Konowalchuk wins face-off versus Nicolas Blanchard in Blackdemons zone.
9:39 of 1st period - Off-side.
9:40 of 1st period - Ryan Craig wins face-off versus Michael Peca in neutral zone.
10:13 of 1st period - Snap shot by Troy Brouwer.
10:13 of 1st period - Shot Misses the Net.
10:15 of 1st period - Wrist shot by Nicolas Blanchard.
10:15 of 1st period - Goal by Nicolas Blanchard - Blackdemons : 2 - Demolitions : 2.
10:16 of 1st period - Ryan Craig wins face-off versus Michael Peca in neutral zone.
10:25 of 1st period - Wrist shot by Jeremy Williams.
10:25 of 1st period - Stopped by Manny Fernandez with a rebound.
10:41 of 1st period - Janne Niskala is hit by Steve Konowalchuk and loses puck.
12:25 of 1st period - Penalty to Frazer Mclaren is over, Frazer Mclaren is back on ice.
12:30 of 1st period - Snap shot by Troy Brouwer.
12:30 of 1st period - Goal by Troy Brouwer - Blackdemons : 2 - Demolitions : 3.
12:31 of 1st period - Sam Gagner wins face-off versus James Sheppard in neutral zone.
12:44 of 1st period - Snap shot by Janne Niskala.
12:44 of 1st period - Stopped by Manny Fernandez without a rebound.
12:45 of 1st period - Ryan Craig wins face-off versus Tomas Kopecky in Blackdemons zone.
13:21 of 1st period - Off-side.
13:22 of 1st period - Michael Peca wins face-off versus Ryan Craig in neutral zone.
13:37 of 1st period - Slapshot by Michael Peca.
13:37 of 1st period - Stopped by Antero Niittymaki without a rebound.
13:38 of 1st period - Nicolas Blanchard wins face-off versus Zack Hamill in Demolitions zone.
13:52 of 1st period - Slapshot by Troy Brouwer.
13:52 of 1st period - Shot Misses the Net.
13:54 of 1st period - Snap shot by Nicolas Blanchard.
13:54 of 1st period - Shot Blocked by Curtis Brown.
14:04 of 1st period - Janne Niskala is hit by Michael Peca and loses puck.
14:27 of 1st period - Brandon Bochenski is hit by Radoslav Suchy and loses puck.
14:32 of 1st period - Wrist shot by Enver Lisin.
14:32 of 1st period - Shot Misses the Net.
14:34 of 1st period - Snap shot by Raphael Diaz.
14:34 of 1st period - Stopped by Antero Niittymaki with a rebound.
14:36 of 1st period - Slapshot by Jakub Kindl.
14:36 of 1st period - Stopped by Antero Niittymaki with a rebound.
14:50 of 1st period - Jakub Kindl is hit by Dennis Seidenberg and loses puck.
14:57 of 1st period - Janne Niskala is hit by Todd Fedoruk.
15:07 of 1st period - Stanislav Chistov is hit by Nicolas Blanchard and loses puck.
15:34 of 1st period - Enver Lisin is hit by Jeremy Williams and loses puck.
15:58 of 1st period - Slapshot by Tomas Kopecky.
15:58 of 1st period - Shot Blocked by Andy Rogers.
16:00 of 1st period - Snap shot by Radoslav Suchy.
16:00 of 1st period - Stopped by Antero Niittymaki with a rebound.
16:15 of 1st period - Slapshot by Nathan Paetsch.
16:15 of 1st period - Deflect By Todd Fedoruk.
16:15 of 1st period - Stopped by Antero Niittymaki without a rebound.
16:16 of 1st period - Stanislav Chistov wins face-off versus Ryan Craig in Demolitions zone.
16:17 of 1st period - Wrist shot by Curtis Brown.
16:17 of 1st period - Goal by Curtis Brown - Blackdemons : 3 - Demolitions : 3.
16:18 of 1st period - Zack Hamill wins face-off versus Ryan Craig in neutral zone.
16:29 of 1st period - Ryan Craig is hit by Karl Alzner and loses puck.
16:35 of 1st period - Minor Penalty to Ryan Craig for Interference.
16:36 of 1st period - James Neal wins face-off versus Jeremy Williams in Demolitions zone.
16:37 of 1st period - Wrist shot by Sam Gagner.
16:37 of 1st period - Deflect By James Neal.
16:37 of 1st period - Stopped by Antero Niittymaki with a rebound.
16:43 of 1st period - Slapshot by Enver Lisin.
16:43 of 1st period - Stopped by Antero Niittymaki with a rebound.
17:38 of 1st period - Off-side.
17:39 of 1st period - Anthony Stewart wins face-off versus Zack Hamill in neutral zone.
18:27 of 1st period - Janne Niskala is hit by Enver Lisin and loses puck.
18:35 of 1st period - Penalty to Ryan Craig is over, Ryan Craig is back on ice.
19:14 of 1st period - Wrist shot by Marc-André Bernier.
19:14 of 1st period - Stopped by Manny Fernandez with a rebound.
19:22 of 1st period - Snap shot by Masi Marjamaki.
19:22 of 1st period - Stopped by Manny Fernandez without a rebound.
19:23 of 1st period - Ryan Craig wins face-off versus Zack Hamill in Blackdemons zone.

2nd period


0:01 of 2nd period - Michael Peca wins face-off versus Ryan Craig in neutral zone.
0:06 of 2nd period - Wrist shot by Michael Peca.
0:06 of 2nd period - Stopped by Antero Niittymaki with a rebound.
0:14 of 2nd period - Wrist shot by Jeremy Williams.
0:14 of 2nd period - Stopped by Manny Fernandez with a rebound.
0:16 of 2nd period - Slapshot by Marco Sturm.
0:16 of 2nd period - Stopped by Manny Fernandez with a rebound.
0:35 of 2nd period - Jakub Kindl is hit by Andy Rogers and loses puck.
1:36 of 2nd period - Minor Penalty to James Sheppard for Tripping.
1:37 of 2nd period - Sam Gagner wins face-off versus Jeremy Williams in Demolitions zone.
1:50 of 2nd period - Jeremy Williams is hit by Raphael Diaz and loses puck.
2:09 of 2nd period - Slapshot by Nathan Paetsch.
2:09 of 2nd period - Shot Blocked by Dennis Seidenberg.
2:17 of 2nd period - Slapshot by Ryan Craig.
2:17 of 2nd period - Shot Misses the Net.
2:19 of 2nd period - Wrist shot by Janne Niskala.
2:19 of 2nd period - Stopped by Manny Fernandez without a rebound.
2:20 of 2nd period - Sam Gagner wins face-off versus Jeremy Williams in Blackdemons zone.
2:29 of 2nd period - Slapshot by James Neal.
2:29 of 2nd period - Shot Blocked by Anton Babchuk.
2:31 of 2nd period - Slapshot by Radoslav Suchy.
2:31 of 2nd period - Stopped by Antero Niittymaki with a rebound.
2:33 of 2nd period - Slapshot by Radoslav Suchy.
2:33 of 2nd period - Stopped by Antero Niittymaki with a rebound.
2:35 of 2nd period - Wrist shot by James Neal.
2:35 of 2nd period - Goal by James Neal - Blackdemons : 4 - Demolitions : 3.
2:36 of 2nd period - Ryan Craig wins face-off versus Sam Gagner in neutral zone.
2:45 of 2nd period - Snap shot by Marco Sturm.
2:45 of 2nd period - Shot Misses the Net.
3:12 of 2nd period - Wrist shot by Troy Brouwer.
3:12 of 2nd period - Stopped by Manny Fernandez with a rebound.
3:33 of 2nd period - Andy Rogers is hit by Zack Hamill and loses puck.
3:44 of 2nd period - Slapshot by Anton Babchuk.
3:44 of 2nd period - Deflect By Karl Alzner.
3:44 of 2nd period - Goal by Anton Babchuk - Blackdemons : 4 - Demolitions : 4.
3:45 of 2nd period - Sam Gagner wins face-off versus Marco Sturm in neutral zone.
4:40 of 2nd period - Nikita Nikitin is hit by Taylor Chorney and loses puck.
4:43 of 2nd period - Slapshot by Michael Peca.
4:43 of 2nd period - Stopped by Antero Niittymaki without a rebound.
4:44 of 2nd period - Ryan Craig wins face-off versus Zack Hamill in Demolitions zone.
5:49 of 2nd period - Icing by Nathan Paetsch.
5:50 of 2nd period - Ryan Craig wins face-off versus Maxime Macenauer in Blackdemons zone.
6:08 of 2nd period - Snap shot by Todd Fedoruk.
6:08 of 2nd period - Shot Misses the Net.
6:10 of 2nd period - Snap shot by Nathan Paetsch.
6:10 of 2nd period - Stopped by Antero Niittymaki with a rebound.
6:12 of 2nd period - Slapshot by Karl Alzner.
6:12 of 2nd period - Shot Blocked by Marco Sturm.
6:14 of 2nd period - Wrist shot by Frazer Mclaren.
6:14 of 2nd period - Shot Misses the Net.
6:16 of 2nd period - Backhand shot by Nathan Paetsch.
6:16 of 2nd period - Stopped by Antero Niittymaki with a rebound.
6:20 of 2nd period - Snap shot by Maxime Macenauer.
6:20 of 2nd period - Stopped by Antero Niittymaki with a rebound.
6:22 of 2nd period - Snap shot by Nathan Paetsch.
6:22 of 2nd period - Stopped by Antero Niittymaki without a rebound.
6:23 of 2nd period - Nicolas Blanchard wins face-off versus Zack Hamill in Demolitions zone.
6:39 of 2nd period - Wrist shot by Anthony Stewart.
6:39 of 2nd period - Stopped by Manny Fernandez without a rebound.
6:40 of 2nd period - Ryan Craig wins face-off versus Michael Peca in Blackdemons zone.
6:43 of 2nd period - Slapshot by Marco Sturm.
6:43 of 2nd period - Shot Misses the Net.
6:45 of 2nd period - Snap shot by Jeremy Williams.
6:45 of 2nd period - Shot Blocked by Radoslav Suchy.
6:45 of 2nd period - Radoslav Suchy from Blackdemons is injured at 6:45 of 2nd period (Sore Right Knee).
6:46 of 2nd period - Ryan Craig wins face-off versus Sam Gagner in Blackdemons zone.
6:55 of 2nd period - Snap shot by Ryan Craig.
6:55 of 2nd period - Shot Misses the Net.
7:11 of 2nd period - Troy Brouwer is hit by Stanislav Chistov and loses puck.
7:18 of 2nd period - Slapshot by Stanislav Chistov.
7:18 of 2nd period - Shot Misses the Net.
7:20 of 2nd period - Slapshot by Zack Hamill.
7:20 of 2nd period - Stopped by Antero Niittymaki with a rebound.
7:34 of 2nd period - Wrist shot by Brandon Bochenski.
7:34 of 2nd period - Stopped by Manny Fernandez without a rebound.
7:35 of 2nd period - Maxime Macenauer wins face-off versus James Sheppard in Blackdemons zone.
8:27 of 2nd period - Wrist shot by Todd Fedoruk.
8:27 of 2nd period - Deflect By Frazer Mclaren.
8:27 of 2nd period - Stopped by Antero Niittymaki with a rebound.
8:37 of 2nd period - Slapshot by Brandon Bochenski.
8:37 of 2nd period - Goal by Brandon Bochenski - Blackdemons : 4 - Demolitions : 5.
8:38 of 2nd period - Michael Peca wins face-off versus Ryan Craig in neutral zone.
8:47 of 2nd period - Backhand shot by Tomas Kopecky.
8:47 of 2nd period - Shot Misses the Net.
8:50 of 2nd period - Minor Penalty to James Neal for Interference.
8:51 of 2nd period - Steve Konowalchuk wins face-off versus Ryan Craig in Blackdemons zone.
9:00 of 2nd period - Slapshot by Dennis Seidenberg.
9:00 of 2nd period - Shot Blocked by Raphael Diaz.
9:02 of 2nd period - Slapshot by Dennis Seidenberg.
9:02 of 2nd period - Demolitions goal is going for a video replay.
9:02 of 2nd period - The goal is good.
9:02 of 2nd period - Goal by Dennis Seidenberg - Blackdemons : 4 - Demolitions : 6.
9:02 of 2nd period - Timo Pielmeier enters game.
9:03 of 2nd period - Ryan Craig wins face-off versus Sam Gagner in neutral zone.
9:37 of 2nd period - Icing by James Neal.
9:38 of 2nd period - Michael Peca wins face-off versus Ryan Craig in Blackdemons zone.
9:47 of 2nd period - Marco Sturm is hit by Raphael Diaz and loses puck.
9:56 of 2nd period - Snap shot by Tomas Kopecky.
9:56 of 2nd period - Goal by Tomas Kopecky - Blackdemons : 5 - Demolitions : 6.
9:57 of 2nd period - Zack Hamill wins face-off versus Ryan Craig in neutral zone.
10:02 of 2nd period - Slapshot by Nathan Paetsch.
10:02 of 2nd period - Shot Blocked by Janne Niskala.
10:10 of 2nd period - Backhand shot by Stanislav Chistov.
10:10 of 2nd period - Shot Misses the Net.
10:12 of 2nd period - Snap shot by Curtis Brown.
10:12 of 2nd period - Shot Misses the Net.
10:22 of 2nd period - Enver Lisin is hit by Troy Brouwer and loses puck.
10:29 of 2nd period - Snap shot by Troy Brouwer.
10:29 of 2nd period - Shot Blocked by Karl Alzner.
10:45 of 2nd period - Snap shot by Michael Peca.
10:45 of 2nd period - Shot Blocked by Vince Rocco.
10:47 of 2nd period - Slapshot by Karl Alzner.
10:47 of 2nd period - Stopped by Antero Niittymaki with a rebound.
10:55 of 2nd period - Wrist shot by Anton Babchuk.
10:55 of 2nd period - Shot Misses the Net.
11:36 of 2nd period - Snap shot by Ryan Craig.
11:36 of 2nd period - Shot Misses the Net.
12:06 of 2nd period - Janne Niskala is hit by Tomas Kopecky and loses puck.
12:25 of 2nd period - Slapshot by Janne Niskala.
12:25 of 2nd period - Shot Misses the Net.
12:43 of 2nd period - Snap shot by Jeremy Williams.
12:43 of 2nd period - Shot Misses the Net.
12:45 of 2nd period - Wrist shot by Ryan Craig.
12:45 of 2nd period - Deflect By Raphael Diaz.
12:45 of 2nd period - Stopped by Timo Pielmeier without a rebound.
12:46 of 2nd period - Maxime Macenauer wins face-off versus Ryan Craig in Blackdemons zone.
13:00 of 2nd period - Ryan Craig is hit by Todd Fedoruk and loses puck.
13:11 of 2nd period - Slapshot by Nathan Paetsch.
13:11 of 2nd period - Deflect By Taylor Chorney.
13:11 of 2nd period - Stopped by Antero Niittymaki with a rebound.
13:13 of 2nd period - Slapshot by Raphael Diaz.
13:13 of 2nd period - Stopped by Antero Niittymaki without a rebound.
13:14 of 2nd period - Nicolas Blanchard wins face-off versus Zack Hamill in Demolitions zone.
13:39 of 2nd period - Steve Konowalchuk is hit by Anton Babchuk and loses puck.
14:05 of 2nd period - Slapshot by Michael Peca.
14:05 of 2nd period - Shot Misses the Net.
14:07 of 2nd period - Wrist shot by Michael Peca.
14:07 of 2nd period - Stopped by Antero Niittymaki without a rebound.
14:08 of 2nd period - Zack Hamill wins face-off versus Ryan Craig in Demolitions zone.
14:16 of 2nd period - Wrist shot by Stanislav Chistov.
14:16 of 2nd period - Shot Misses the Net.
14:18 of 2nd period - Slapshot by Karl Alzner.
14:18 of 2nd period - Stopped by Antero Niittymaki with a rebound.
14:24 of 2nd period - Snap shot by Curtis Brown.
14:24 of 2nd period - Deflect By Stanislav Chistov.
14:24 of 2nd period - Deflect By Jeremy Williams.
14:24 of 2nd period - Stopped by Antero Niittymaki with a rebound.
14:36 of 2nd period - Wrist shot by Anthony Stewart.
14:36 of 2nd period - Shot Blocked by Tomas Kopecky.
14:38 of 2nd period - Slapshot by Janne Niskala.
14:38 of 2nd period - Shot Misses the Net.
14:40 of 2nd period - Wrist shot by Dennis Seidenberg.
14:40 of 2nd period - Stopped by Timo Pielmeier with a rebound.
15:46 of 2nd period - Wrist shot by Curtis Brown.
15:46 of 2nd period - Shot Misses the Net.
16:48 of 2nd period - Off-side.
16:49 of 2nd period - Zack Hamill wins face-off versus Vince Rocco in neutral zone.
16:58 of 2nd period - Snap shot by Curtis Brown.
16:58 of 2nd period - Shot Misses the Net.
17:04 of 2nd period - Raphael Diaz is hit by Robert Bortuzzo.
17:39 of 2nd period - Icing by Nikita Nikitin.
17:40 of 2nd period - Sam Gagner wins face-off versus Nicolas Blanchard in Blackdemons zone.
18:33 of 2nd period - Wrist shot by Anthony Stewart.
18:33 of 2nd period - Stopped by Timo Pielmeier without a rebound.
18:34 of 2nd period - Ryan Craig wins face-off versus Zack Hamill in Blackdemons zone.
18:41 of 2nd period - Curtis Brown is hit by Jeremy Williams and loses puck.
19:09 of 2nd period - Petr Vrana is hit by Raphael Diaz and loses puck.
19:30 of 2nd period - Nathan Paetsch is hit by Marc-André Bernier and loses puck.

3rd period


0:01 of 3rd period - Michael Peca wins face-off versus Ryan Craig in neutral zone.
0:04 of 3rd period - Snap shot by James Neal.
0:04 of 3rd period - Stopped by Antero Niittymaki with a rebound.
0:06 of 3rd period - Wrist shot by Michael Peca.
0:06 of 3rd period - Goal by Michael Peca - Blackdemons : 6 - Demolitions : 6.
0:07 of 3rd period - Michael Peca wins face-off versus Ryan Craig in neutral zone.
0:16 of 3rd period - Snap shot by Dennis Seidenberg.
0:16 of 3rd period - Shot Misses the Net.
0:33 of 3rd period - Icing by Stanislav Chistov.
0:34 of 3rd period - Nicolas Blanchard wins face-off versus Zack Hamill in Blackdemons zone.
1:04 of 3rd period - Off-side.
1:05 of 3rd period - Sam Gagner wins face-off versus Marco Sturm in neutral zone.
1:39 of 3rd period - Snap shot by Tomas Kopecky.
1:39 of 3rd period - Stopped by Antero Niittymaki with a rebound.
1:41 of 3rd period - Wrist shot by James Neal.
1:41 of 3rd period - Shot Misses the Net.
2:23 of 3rd period - Slapshot by Nathan Paetsch.
2:23 of 3rd period - Shot Hit the Post.
2:25 of 3rd period - Snap shot by Maxime Macenauer.
2:25 of 3rd period - Stopped by Antero Niittymaki with a rebound.
2:27 of 3rd period - Snap shot by Frazer Mclaren.
2:27 of 3rd period - Goal by Frazer Mclaren - Blackdemons : 7 - Demolitions : 6.
2:28 of 3rd period - Ryan Craig wins face-off versus Sam Gagner in neutral zone.
2:43 of 3rd period - Ryan Craig is hit by Steve Konowalchuk and loses puck.
3:47 of 3rd period - Slapshot by Nikita Nikitin.
3:47 of 3rd period - Shot Blocked by Marc-André Bernier.
4:04 of 3rd period - Vince Rocco is hit by Nikita Nikitin and loses puck.
4:09 of 3rd period - Snap shot by Tomas Kopecky.
4:09 of 3rd period - Shot Misses the Net.
4:25 of 3rd period - Snap shot by Masi Marjamaki.
4:25 of 3rd period - Shot Blocked by Nathan Paetsch.
4:27 of 3rd period - Wrist shot by Marc-André Bernier.
4:27 of 3rd period - Goal by Marc-André Bernier - Blackdemons : 7 - Demolitions : 7.
4:28 of 3rd period - Michael Peca wins face-off versus Ryan Craig in neutral zone.
4:50 of 3rd period - Icing by Dennis Seidenberg.
4:51 of 3rd period - Sam Gagner wins face-off versus Ryan Craig in Demolitions zone.
4:52 of 3rd period - Wrist shot by Steve Konowalchuk.
4:52 of 3rd period - Stopped by Antero Niittymaki with a rebound.
5:04 of 3rd period - Wrist shot by Marco Sturm.
5:04 of 3rd period - Stopped by Timo Pielmeier with a rebound.
5:06 of 3rd period - Wrist shot by Ryan Craig.
5:06 of 3rd period - Goal by Ryan Craig - Blackdemons : 7 - Demolitions : 8.
5:07 of 3rd period - Ryan Craig wins face-off versus Sam Gagner in neutral zone.
5:32 of 3rd period - Anton Babchuk is hit by James Neal and loses puck.
5:58 of 3rd period - Marco Sturm is hit by Stanislav Chistov.
6:03 of 3rd period - Dennis Seidenberg is hit by Jakub Kindl and loses puck.
6:10 of 3rd period - Slapshot by Jeremy Williams.
6:10 of 3rd period - Goal by Jeremy Williams - Blackdemons : 7 - Demolitions : 9.
6:11 of 3rd period - Nicolas Blanchard wins face-off versus Sam Gagner in neutral zone.
6:22 of 3rd period - Wrist shot by Troy Brouwer.
6:22 of 3rd period - Stopped by Timo Pielmeier with a rebound.
6:24 of 3rd period - Snap shot by Troy Brouwer.
6:24 of 3rd period - Deflect By Anthony Stewart.
6:24 of 3rd period - Shot Misses the Net.
6:24 of 3rd period - Puck is out of play.
6:25 of 3rd period - Nicolas Blanchard wins face-off versus Michael Peca in Blackdemons zone.
7:05 of 3rd period - James Sheppard is hit by Sam Gagner and loses puck.
8:08 of 3rd period - Nathan Paetsch is hit by Troy Brouwer.
8:14 of 3rd period - Snap shot by Anthony Stewart.
8:14 of 3rd period - Deflect By Troy Brouwer.
8:14 of 3rd period - Shot Misses the Net.
8:14 of 3rd period - Puck is out of play.
8:15 of 3rd period - Ryan Craig wins face-off versus Sam Gagner in Blackdemons zone.
8:24 of 3rd period - Slapshot by Nathan Paetsch.
8:24 of 3rd period - Stopped by Antero Niittymaki with a rebound.
8:40 of 3rd period - Wrist shot by Troy Brouwer.
8:40 of 3rd period - Stopped by Timo Pielmeier with a rebound.
8:46 of 3rd period - Snap shot by Zack Hamill.
8:46 of 3rd period - Shot Misses the Net.
8:48 of 3rd period - Wrist shot by Zack Hamill.
8:48 of 3rd period - Stopped by Antero Niittymaki without a rebound.
8:49 of 3rd period - Ryan Craig wins face-off versus Michael Peca in Demolitions zone.
9:02 of 3rd period - Wrist shot by Jeremy Williams.
9:02 of 3rd period - Deflect By Ryan Craig.
9:02 of 3rd period - Goal by Ryan Craig - Blackdemons : 7 - Demolitions : 10.
9:03 of 3rd period - Ryan Craig wins face-off versus Zack Hamill in neutral zone.
9:28 of 3rd period - Jakub Kindl is hit by Troy Brouwer and loses puck.
9:35 of 3rd period - Snap shot by Anthony Stewart.
9:35 of 3rd period - Stopped by Timo Pielmeier with a rebound.
9:37 of 3rd period - Slapshot by Dennis Seidenberg.
9:37 of 3rd period - Deflect By Anthony Stewart.
9:37 of 3rd period - Shot Misses the Net.
9:37 of 3rd period - Puck is out of play.
9:38 of 3rd period - Michael Peca wins face-off versus Nicolas Blanchard in Blackdemons zone.
9:51 of 3rd period - Wrist shot by Michael Peca.
9:51 of 3rd period - Deflect By James Neal.
9:51 of 3rd period - Stopped by Antero Niittymaki with a rebound.
9:53 of 3rd period - Slapshot by Michael Peca.
9:53 of 3rd period - Deflect By Dennis Seidenberg.
9:53 of 3rd period - Stopped by Antero Niittymaki without a rebound.
9:54 of 3rd period - Sam Gagner wins face-off versus Ryan Craig in Demolitions zone.
10:03 of 3rd period - Wrist shot by Enver Lisin.
10:03 of 3rd period - Stopped by Antero Niittymaki with a rebound.
10:22 of 3rd period - Icing by Nicolas Blanchard.
10:23 of 3rd period - Nicolas Blanchard wins face-off versus Zack Hamill in Demolitions zone.
10:42 of 3rd period - Snap shot by Troy Brouwer.
10:42 of 3rd period - Stopped by Timo Pielmeier without a rebound.
10:43 of 3rd period - Michael Peca wins face-off versus Ryan Craig in Blackdemons zone.
10:58 of 3rd period - Slapshot by Andy Rogers.
10:58 of 3rd period - Shot Blocked by Raphael Diaz.
13:42 of 3rd period - Tomas Kopecky is hit by Ryan Craig and loses puck.
14:38 of 3rd period - Off-side.
14:39 of 3rd period - Maxime Macenauer wins face-off versus Nicolas Blanchard in neutral zone.
14:42 of 3rd period - Troy Brouwer is hit by Todd Fedoruk and loses puck.
15:51 of 3rd period - Minor Penalty to Raphael Diaz for High sticking.
15:52 of 3rd period - Steve Konowalchuk wins face-off versus Ryan Craig in Blackdemons zone.
16:40 of 3rd period - Slapshot by Ryan Craig.
16:40 of 3rd period - Goal by Ryan Craig - Blackdemons : 7 - Demolitions : 11.
16:41 of 3rd period - Michael Peca wins face-off versus Nicolas Blanchard in neutral zone.
17:08 of 3rd period - Wrist shot by Stanislav Chistov.
17:08 of 3rd period - Goal by Stanislav Chistov - Blackdemons : 8 - Demolitions : 11.
17:09 of 3rd period - Ryan Craig wins face-off versus Sam Gagner in neutral zone.
17:14 of 3rd period - Wrist shot by Marco Sturm.
17:14 of 3rd period - Stopped by Timo Pielmeier without a rebound.
17:15 of 3rd period - Sam Gagner wins face-off versus Ryan Craig in Blackdemons zone.
17:24 of 3rd period - Wrist shot by Jeremy Williams.
17:24 of 3rd period - Deflect By Ryan Craig.
17:24 of 3rd period - Shot Misses the Net.
17:24 of 3rd period - Puck is out of play.
17:25 of 3rd period - Ryan Craig wins face-off versus Zack Hamill in Blackdemons zone.
17:34 of 3rd period - Slapshot by Jeremy Williams.
17:34 of 3rd period - Stopped by Timo Pielmeier with a rebound.
17:36 of 3rd period - Snap shot by Ryan Craig.
17:36 of 3rd period - Stopped by Timo Pielmeier with a rebound.
17:38 of 3rd period - Slapshot by Anton Babchuk.
17:38 of 3rd period - Stopped by Timo Pielmeier with a rebound.
17:40 of 3rd period - Wrist shot by Marco Sturm.
17:40 of 3rd period - Shot Misses the Net.
19:01 of 3rd period - Snap shot by Stanislav Chistov.
19:01 of 3rd period - Stopped by Antero Niittymaki without a rebound.
19:02 of 3rd period - Michael Peca wins face-off versus Ryan Craig in Demolitions zone.
19:09 of 3rd period - Backhand shot by James Neal.
19:09 of 3rd period - Shot Misses the Net.
19:11 of 3rd period - Snap shot by Tomas Kopecky.
19:11 of 3rd period - Stopped by Antero Niittymaki with a rebound.
19:13 of 3rd period - Backhand shot by Nathan Paetsch.
19:13 of 3rd period - Stopped by Antero Niittymaki without a rebound.
19:14 of 3rd period - Sam Gagner wins face-off versus Jeremy Williams in Demolitions zone.
19:17 of 3rd period - Slapshot by Steve Konowalchuk.
19:17 of 3rd period - Stopped by Antero Niittymaki with a rebound.
19:39 of 3rd period - Troy Brouwer is hit by Stanislav Chistov and loses puck.
19:41 of 3rd period - Minor Penalty to Dennis Seidenberg for High sticking.
19:42 of 3rd period - Sam Gagner wins face-off versus Jeremy Williams in Demolitions zone.


Output by the SimonT Hockey Simulator (STHS) for François Prévost -- Original Page W3C XHTML 1.0 Valid
Hockey Simulator - Hockey Simulation - Hockey Manager